 Dungeon Crawl Stone Soup version 0.19-a0-1626-g5215c36 (webtiles) character file.

89 Amnesiac the Conjurer (level 4, -4/30 HPs)
             Began as a Mummy Wizard on Sept 18, 2016.
             Was a Follower of Sif Muna.
             Slain by an orc priest
             ... wielding a +0 flail
              (7 damage)
             ... on level 3 of the Dungeon.
             The game lasted 00:07:46 (4247 turns).

Amnesiac the Conjurer (Mummy Wizard)                Turns: 4247, Time: 00:07:47

Health: -4/30      AC:  3    Str: 10    XL:     4   Next: 31%
Magic:  3/8        EV: 12    Int: 17    God:    Sif Muna [*.....]
Gold:   179        SH:  0    Dex: 11    Spells: 3 memorised, 2 levels left

rFire  x x .     SeeInvis .     e - +0 mace
rCold  + + .     Gourm    .     i - +0 robe (curse)
rNeg   + + +     Faith    +     (no shield)
rPois  ∞         Spirit   .     b - +0 hat
rElec  .         Dismiss  .     (no cloak)
rCorr  .         Reflect  .     j - +0 pair of gloves
MR     .....     Harm     .     (no boots)
Stlth  ++........               g - amulet of faith (curse)
                                (no ring)
                                f - ring of ice

@: no status effects
A: no food or potions, fire vulnerability, cold resistance 1, negative energy
resistance 3, torment resistance, unbreathing
a: Divine Energy, Renounce Religion


You were on level 3 of the Dungeon.
You worshipped Sif Muna.
Sif Muna was aware of your devotion.
You were not hungry.

You visited 2 branches of the dungeon, and saw 5 of its levels.

You collected 179 gold pieces.

Inventory:

Hand Weapons
 e - a +0 mace (weapon)
Armour
 b - a +0 hat (worn)
 i - a cursed +0 robe (worn)
 j - a +0 pair of gloves (worn)
Jewellery
 f - a ring of ice (left hand)
 g - a cursed amulet of faith (around neck)
Scrolls
 a - a scroll of amnesia {unknown}
 d - 6 scrolls of identify
 h - 2 scrolls of remove curse {unknown}
 l - a scroll of teleportation
 m - a scroll of recharging
Books
 c - a book of Minor Magic

   Spells                             Type                      Level
   a - Magic Dart                     Conjuration                  1
   b - Blink                          Translocation                2
   c - Call Imp                       Summoning                    2
   d - Repel Missiles                 Charms/Air                   2
   e - Slow                           Hexes                        2
   f - Conjure Flame                  Conjuration/Fire             3
   g - Mephitic Cloud                 Conjuration/Poison/Air       3


   Skills:
 - Level 1.5 Dodging
 - Level 1.5 Stealth
 - Level 3.0 Spellcasting
 + Level 3.4 Conjurations
   Level 0.7 Summonings
   Level 0.7 Translocations


You had 2 spell levels left.
You knew the following spells:

 Your Spells              Type           Power        Failure   Level  Hunger
e - Mephitic Cloud        Conj/Pois/Air  #.......     38%         3    N/A
s - Conjure Flame         Conj/Fire      #.......     30%         3    N/A
z - Magic Dart            Conj           ##..         4%          1    N/A

Dungeon Overview and Level Annotations

Branches:
Dungeon (4/15)             Temple (1/1) D:4

Altars:
Ashenzari
Dithmenos
Elyvilon
Fedhas
Gozag
Hepliaklqana
Kikubaaqudgha
Makhleb
Nemelex Xobeh
Okawaru
Qazlal
Sif Muna
Trog
Uskayaw
Vehumet
Xom
Yredelemnul
Zin
The Shining One

Annotations:
D:4 crawlian's ghost, amateur DEFE


Innate Abilities, Weirdness & Mutations

You do not eat or drink.
Your flesh is vulnerable to fire.
You are immune to poison.
Your flesh is cold resistant. (rC+)
You are immune to negative energy. (rN+++)
You are immune to unholy pain and torment.
You can survive without breathing.


Message History

There is an open door here.
There is an open door here.
Your magical contamination has completely faded away.
There is an open door here.
You start resting.
Casting: Magic Dart
Confirm with . or Enter, or press ? or * to list all spells.
Aiming: Mephitic Cloud
Press: ? - help, Shift-Dir - straight line, f - orc priest
Aim: an orc priest, wielding a flail (severely wounded)
The ball explodes into a vile cloud!
The stinking cloud engulfs the orc priest.
The orc priest is severely wounded.
The orc priest is engulfed in noxious fumes.
The orc priest hits you with a flail.
* * * LOW HITPOINT WARNING * * *
You hit the orc priest.
The orc priest is almost dead.
The orc priest hits you with a flail!
You die...

....#############################
##..### ####### #.........#
......# #.....# #.........'
##..#.# #.....# #.........#
....#.# #.....# #.........#
##.##.# #.....# ########.###
......# ###.....# #...# #....
...#### #.......# #...########
...# #.....@## #...##...# #
...########....§o#####...##...###
..>'...........§§....'...'....'..
...######...##########...##...###
#### #...# #...##...# #...#
#...##...# #...# #...##...# #...#
######...# #...# #####


You could see an orc priest.

Vanquished Creatures
  2 adders
  A howler monkey skeleton (D:3)
  A worm (D:3)
  2 dart slugs
  2 leopard geckos
  4 orcs (D:3)
  A ball python (D:2)
  2 giant cockroaches (D:3)
  7 goblins
  5 hobgoblins
  4 kobolds (D:1)
  A quokka (D:3)
  3 bats
  3 frilled lizards
  A quokka skeleton (D:3)
  10 rats
49 creatures vanquished.

Notes
Turn   | Place    | Note
-------+----------+-------------------------------------------
     0 | D:1      | Amnesiac the Mummy Wizard began the quest for the Orb.
     0 | D:1      | Reached XP level 1. HP: 13/13 MP: 4/4
    16 | D:1      | Reached skill level 1 in Conjurations
   703 | D:3      | Reached XP level 2. HP: 19/19 MP: 0/6
  1519 | D:3      | Found a sparkling altar of Nemelex Xobeh.
  1537 | D:3      | Reached XP level 3. HP: 21/24 MP: 0/7
  1635 | D:4      | Learned a level 3 spell: Mephitic Cloud
  1639 | D:4      | Learned a level 3 spell: Conjure Flame
  1645 | D:4      | Found a staircase to the Ecumenical Temple.
  1652 | D:4      | Noticed crawlian's ghost (amateur DEFE)
  1654 | Temple   | Entered the Ecumenical Temple
  1793 | Temple   | Became a worshipper of Sif Muna the Loreminder
  3183 | D:2      | Reached * piety under Sif Muna
  3449 | D:3      | Reached XP level 4. HP: 28/30 MP: 0/8
  3791 | D:3      | Found a shattered altar of Ashenzari.
  3800 | D:3      | Found an opulent altar of Gozag.
  4247 | D:3      | Slain by an orc priest

Vault maps used:
D:1:      shiori_shiawase, minmay_small_reverse_x
D:3:      amethyst_overflow_temple_binary, nemelex_lonely_heart_becter
D:4:      uniq_grinder
Temple:   minmay_crystal_spiral_temple

Skill      XL: |  1  2  3 |
---------------+----------+-----
Conjurations   | 2 3 |  3.4
Dodging        | |  1.5
Stealth        | |  1.5
Spellcasting   | |  3.0
Summonings     | |  0.7
Translocations | |  0.7

Action                   |  1- 3 |  4- 6 || total
-------------------------+-------+-------++-------
Melee: Unarmed           |     6 |       ||     6
       Mace              |    17 |    14 ||    31
 Cast: Magic Dart        |    97 |    22 ||   119
       Mephitic Cloud    |       |     3 ||     3
  Use: Scroll            |       |     3 ||     3
Armor: Robe              |     5 |     7 ||    12
Dodge: Dodged            |    24 |    19 ||    43
